 Dungeon Crawl Stone Soup version 0.19-a0-926-g4486784 (webtiles) character file.

27 Gagarin the Caller (level 2, 0/15 HPs)
             Began as a Deep Elf Summoner on July 6, 2016.
             Killed from afar by a dart slug (7 damage)
             ... with a slug dart
             ... on level 2 of the Dungeon.
             The game lasted 00:04:58 (1453 turns).

Gagarin the Caller (Deep Elf Summoner)              Turns: 1453, Time: 00:04:58

Health: 0/15       AC:  3    Str:  5    XL:     2   Next: 93%
Magic:  8/8        EV: 13    Int: 19    God:
Gold:   52         SH:  0    Dex: 15    Spells: 2 memorised, 5 levels left

rFire  . . .     SeeInvis .     h - +0 dagger
rCold  . . .     Gourm    .     a - +0 robe
rNeg   . . .     Faith    .     (no shield)
rPois  .         Spirit   .     (no helmet)
rElec  .         Dismiss  .     i - +0 cloak
rCorr  .         Reflect  .     (no gloves)
SustAt .         Harm     .     (no boots)
MR     .....                    (no amulet)
Stlth  ++........               (no ring)
                                (no ring)

@: not resistant to hostile enchantments, unstealthy
A: no striking features
a: no special abilities


You were on level 2 of the Dungeon.
You were hungry.

You visited 1 branch of the dungeon, and saw 2 of its levels.

You collected 52 gold pieces.

Inventory:

Hand Weapons
 h - a +0 dagger (weapon)
Missiles
 j - 26 arrows
Armour
 a - a +0 robe (worn)
 i - a +0 cloak (worn)
Jewellery
 d - an uncursed ring of protection from cold {unknown}
Wands
 f - a wand of iceblast (2/15)
Scrolls
 e - a scroll of enchant weapon {unknown}
 n - 2 scrolls of identify {unknown}
 p - a scroll of immolation {unknown}
 q - a scroll of magic mapping {unknown}
 s - a scroll of remove curse {unknown}
Potions
 k - a potion of resistance {unknown}
 l - a potion of haste {unknown}
 m - a potion of heal wounds {unknown}
 o - a potion of flight {unknown}
 r - 2 potions of mutation {unknown}
Books
 b - a book of Callings

   Spells                             Type                      Level
   a - Summon Small Mammal            Summoning                    1
   b - Call Imp                       Summoning                    2
   c - Call Canine Familiar           Summoning                    3
   d - Summon Guardian Golem          Hexes/Summoning              3
   e - Summon Lightning Spire         Summoning/Air                4
   f - Summon Ice Beast               Ice/Summoning                4
Comestibles
 c - a bread ration
 g - a meat ration


   Skills:
 + Level 2.5 Dodging
 + Level 2.6 Stealth
 + Level 3.5 Spellcasting
 + Level 5.0 Summonings


You had 5 spell levels left.
You knew the following spells:

 Your Spells              Type           Power        Failure   Level  Hunger
a - Summon Small Mammal   Summ           ###.         1%          1    None
b - Call Imp              Summ           ###.....     3%          2    ##.....


Dungeon Overview and Level Annotations

Branches:
Dungeon (2/15)

Altars:
Dithmenos


Message History

A dart slug comes into view.
The dart slug bites you.
You completely miss the dart slug. The dart slug launches a dart at you.
The slug dart hits you!
You hit the dart slug.
The dart slug is lightly wounded.
You hit the dart slug but do no damage.
The dart slug is lightly wounded.
The dart slug barely misses you.
You hit the dart slug.
The dart slug is moderately wounded.
The dart slug bites you.
You hit the dart slug.
The dart slug is moderately wounded.
You hit the dart slug but do no damage.
The dart slug is moderately wounded.
The dart slug launches a dart at you. The slug dart hits you!
You die...

#........##.
##.......##.
#..........
###........ ###
#.....##. #.#
#########....5 #.#
#....# #..###
#w###....# #..#
#@##.....# #.##
#.##.....# #.####
#.##.....# #.#...
#.##...### #.#.##
#........####.#.##
####.........(..##
#.....####.#.##
#.....# #...#
#.....# ###.#


You could see a dart slug.

Vanquished Creatures
  A rat (D:2)
1 creature vanquished.

Vanquished Creatures (collateral kills)
  An adder (D:2)
  A gnoll (D:1)
  A giant cockroach (D:1)
  5 goblins
  2 hobgoblins (D:1)
  A quokka (D:2)
  4 bats (D:1)
  A giant newt (D:1)
  8 kobolds
  2 rats (D:1)
26 creatures vanquished.

Grand Total: 27 creatures vanquished

Notes
Turn   | Place    | Note
-------+----------+-------------------------------------------
     0 | D:1      | Gagarin the Deep Elf Summoner began the quest for the Orb.
     0 | D:1      | Reached XP level 1. HP: 10/10 MP: 6/6
   333 | D:1      | Reached XP level 2. HP: 15/15 MP: 5/8
   347 | D:1      | Learned a level 2 spell: Call Imp
  1169 | D:2      | Found a shadowy altar of Dithmenos.
  1205 | D:2      | Reached skill level 5 in Summonings
  1453 | D:2      | Killed from afar by a dart slug

Vault maps used:
D:1:      tarquinn_simple_flora_water_d
D:2:      makhleb_blood_cavern_becter, grunt_dithmenos_smoke_and_mirrors

Skill      XL: |  1  2 |
---------------+-------+-----
Summonings     | 5 |  5.0
Dodging        | |  2.5
Stealth        | |  2.6
Spellcasting   | |  3.5

Action                   || total
-------------------------++-------
Melee: Dagger            ||     9
 Cast: Summon Small Mamm ||    25
       Call Imp          ||    13
 Stab: Sleeping          ||     1
  Eat: Chunk             ||     1
Armor: Robe              ||     6
Dodge: Dodged            ||    12
